 Dungeon Crawl Stone Soup version 0.29.0 (webtiles) character file.

Game seed: 8342328440262863338

70 gelatine the Stinger (level 4, -4/31 HPs)
             Began as a Demonspawn Venom Mage on Aug 24, 2022.
             Killed by nerve-wracking pain
             ... invoked by an orc priest
              (13 damage)
             ... on level 3 of the Dungeon.
             The game lasted 00:07:03 (2217 turns).

gelatine the Stinger (Demonspawn Venom Mage)        Turns: 2217, Time: 00:07:04

Health: -4/31      AC:  6    Str:  8    XL:     4   Next: 4%
Magic:  0/7        EV: 12    Int: 24    God:
Gold:   75         SH:  0    Dex: 14    Spells: 2/8 levels left

rFire   . . .      SeeInvis .   t - +0 dagger (venom)
rCold   . . .      Faith    .   (no shield)
rNeg    . . .      Spirit   .   a - +1 robe
rPois   .          Reflect  .   o - +0 helmet
rElec   .          Harm     .   (no cloak)
rCorr   .          Rampage  .   (no gloves)
Will    .....                   (no boots)
Stlth   ++........              (no amulet)
HPRegen 0.10/turn               n - +6 ring of intelligence
MPRegen 0.10/turn               h - ring of wizardry

@: no status effects
A: claws 1, yellow scales 1, powered by death 1
a: no special abilities


You were on level 3 of the Dungeon.
You visited 1 branch of the dungeon, and saw 3 of its levels.

You collected 75 gold pieces.

Inventory:

Hand Weapons
 d - a +0 dagger
 m - a +2 hand axe of pain
 t - a +0 dagger of venom (weapon)
Armour
 a - a +1 robe (worn)
 o - a +0 helmet (worn)
Jewellery
 g - a ring of positive energy
 h - a ring of wizardry (right claw)
 n - a +6 ring of intelligence (left claw)
Scrolls
 c - 3 scrolls of teleportation
 i - a scroll of poison {unknown}
 j - a scroll of enchant armour
 k - a scroll of fog
Potions
 b - a potion of magic
 e - a potion of curing
 f - a potion of brilliance {unknown}
 l - a potion of mutation {unknown}
 s - a potion of resistance {unknown}


   Skills:
 + Level 0.8 Fighting
 + Level 0.1 Short Blades
 + Level 2.1 Dodging
 + Level 2.1 Stealth
 + Level 2.5 Spellcasting
 + Level 1.7 Transmutations
 + Level 3.5 Poison Magic


You had 2 spell levels left.
You knew the following spells:

 Your Spells              Type           Power      Damage    Failure   Level
a - Sting                 Tmut/Pois      60%        1d6       1%          1
b - Poisonous Vapours     Pois/Air       22%        N/A       3%          2
c - Mephitic Cloud        Conj/Pois/Air  8%         N/A       9%          3

Your spell library contained the following spells:

 Spells                   Type           Power      Damage    Failure   Level
 Olgreb's Toxic Radiance  Pois           20%        N/A       11%         4


Dungeon Overview and Level Annotations

Branches:
Dungeon (3/15)

Altars:


Innate Abilities, Weirdness & Mutations

You have sharp fingernails.
You are partially covered in yellow scales. (AC +2)
You regenerate a little health from kills.


Message History

Aiming: Poisonous Vapours (safe; 3% risk of failure)
Press: ? - help, Dir - move target, f - orc priest, p - orc
Aim: an orc priest, wielding a +0 mace and wearing a +0 leather armour Poisonous vapours surround the orc priest!
The orc priest is poisoned.
The orc priest casts a cantrip, but nothing happens.
The orc is engulfed in noxious fumes.
The orc appears confused.
Casting: Poisonous Vapours (safe; 3% risk of failure)
Confirm with . or Enter, or press ? or * to list all spells.
You don't have enough magic to cast this spell.
The orc is engulfed in noxious fumes.
The orc appears confused.
The orc barely misses the orc priest.
Casting: Poisonous Vapours (safe; 3% risk of failure)
Confirm with . or Enter, or press ? or * to list all spells.
You don't have enough magic to cast this spell.
Casting: Poisonous Vapours (safe; 3% risk of failure)
Confirm with . or Enter, or press ? or * to list all spells.
Aiming: Poisonous Vapours (safe; 3% risk of failure)
Press: ? - help, Dir - move target, f/p - orc priest
Aim: an orc priest, wielding a +0 mace and wearing a +0 leather armour (moderately wounded) Poisonous vapours surround the orc priest!
The orc priest is poisoned.
The orc priest hits you with a +0 mace.
You closely miss the orc priest.
The orc priest is heavily wounded.
The orc priest calls down the wrath of Beogh upon you.
Beogh smites you!
You hit the orc priest but do no damage.
The orc priest looks even sicker.
The orc priest is heavily wounded.
The orc priest hits you but does no damage.
You closely miss the orc priest.
The orc priest is severely wounded.
The orc priest hits you with a +0 mace.
* * * LOW HITPOINT WARNING * * *
You hit the orc priest.
The orc priest is almost dead.
The orc priest calls down the wrath of Beogh upon you.
Pain shoots through your body!
You die...

.. #....##..# ....#. #.#
###..# #..... #.# #..#
#..... ####.## #..# #.....
.....# #..# #.....##
##..#####..##... ##......#
#...............
........###.#.#.#######...
#oo@....#.......# ..
#.#############.# .
#......... ##.######
#....o... #o.oo....
......... .........
..........


You could see an orc priest (very poisoned) and an orc.

Vanquished Creatures
  Robin (D:2)
  An adder (D:2)
  4 ball pythons (D:1)
  2 endoplasms
  3 giant cockroaches
  3 hobgoblins
  2 jackals (D:2)
  A kobold (D:1)
  3 quokkas (D:1)
  7 bats
  2 frilled lizards (D:1)
  12 goblins
  4 rats
45 creatures vanquished.

Vanquished Creatures (others)
  A goblin (D:2)
1 creature vanquished.

Grand Total: 46 creatures vanquished

Notes
Turn   | Place    | Note
-------+----------+-------------------------------------------
     0 | D:1      | gelatine the Demonspawn Venom Mage began the quest for the
                  | Orb.
     0 | D:1      | Reached XP level 1. HP: 13/13 MP: 3/3
   366 | D:1      | Reached skill level 1 in Transmutations
   475 | D:1      | Gained mutation: You are partially covered in yellow
                  | scales. (AC +2) [demonic ancestry]
   475 | D:1      | Reached XP level 2. HP: 19/19 MP: 1/5
   841 | D:1      | Found a faded altar of an unknown god.
  1077 | D:2      | Learned a level 2 spell: Poisonous Vapours
  1270 | D:2      | Gained mutation: You regenerate a little health from kills.
                  | [demonic ancestry]
  1270 | D:2      | Reached XP level 3. HP: 25/25 MP: 3/6
  1477 | D:2      | Learned a level 3 spell: Mephitic Cloud
  1491 | D:2      | Noticed Robin
  1557 | D:2      | Killed Robin
  2020 | D:2      | Gained mutation: You have sharp fingernails. [demonic
                  | ancestry]
  2020 | D:2      | Reached XP level 4. HP: 30/31 MP: 3/7
  2217 | D:3      | Killed from afar by an orc priest

Illustrated notes

Levels and vault maps discovered:
D:1:      tarquinn_simple_flora_water_b, layout_rooms,
          chequers_ecumenical_altar_twisty, minmay_tetromino_o4
D:2:      layout_basic, roderic_lattice_a, uniq_robin
D:3:      cheibrodos_pilgrimage, layout_basic, ebering_ghost_inner_flame,
          uniq_terence

Skill      XL: |  1  2 |
---------------+-------+-----
Stealth        | 2 |  2.1
Transmutations | 1 |  1.7
Dodging        | 2 |  2.1
Fighting       | |  0.8
Short Blades   | |  0.1
Spellcasting   | |  2.5
Poison Magic   | |  3.5

Action                   |  1- 3 |  4- 6 || total
-------------------------+-------+-------++-------
Melee: Dagger            |    63 |     4 ||    67
       Punch             |     1 |       ||     1
 Cast: Sting             |    53 |     4 ||    57
       Poisonous Vapours |     3 |     2 ||     5
       Mephitic Cloud    |     2 |     1 ||     3
  Use: Scroll            |     7 |       ||     7
 Stab: Confused          |     1 |       ||     1
Armor: Robe              |    36 |     1 ||    37
Dodge: Dodged            |    65 |     1 ||    66
